 Dungeon Crawl Stone Soup version 0.31-a0-1074-g0b22e4e0f1 (webtiles) character file.

Game seed: 7551417029846995065

8208 Dittersdorf the Protected (level 11, 0/108 HPs)
             Began as a Gargoyle Fighter on Dec 7, 2023.
             Was an Initiate of Gozag.
             Slain by a demonic crawler (7 damage)
             ... on level 10 of the Dungeon.
             The game lasted 00:15:16 (10660 turns).

Dittersdorf the Protected (Gargoyle Fighter)       Turns: 10660, Time: 00:15:17

Health: 0/108      AC: 25    Str: 23    XL:     11   Next: 27%
Magic:  11/11      EV: 12    Int: 10    God:    Gozag
Gold:   1810       SH: 12    Dex:  9    Spells: 10/10 levels left

rFire   . . .        C - +0 morningstar
rCold   . . .        c - +1 buckler
rNeg    + . .        t - +0 plate armour
rPois   ∞            F - +0 helmet
rElec   +            (no cloak)
rCorr   +            y - +0 pair of gloves
SInv    .            (no boots)
Will    .....        v - amulet of reflection Stlth
                     n - ring of resist corrosion
HPRegen 0.38/turn    s - +5 ring of evasion
MPRegen 0.12/turn

%: reflection
@: mighty, berserking, very quick
A: sickness immunity, AC +8, negative energy resistance 1, electricity
resistance, torment resistance 1, petrification resistance
a: Renounce Religion, Potion Petition, Call Merchant, Bribe Branch


You were on level 10 of the Dungeon.
You worshipped Gozag.
Gozag was most pleased with you.
You visited 2 branches of the dungeon, and saw 11 of its levels.
You also visited: Sewer.

You collected 1918 gold pieces.
You paid 108 gold pieces to Gozag.

Inventory:

Hand Weapons
 C - a +0 morningstar (weapon)
Missiles
 E - 3 throwing nets
Armour
 c - a +1 buckler (worn)
 t - a +0 plate armour (worn)
 y - a +0 pair of gloves (worn)
 F - a +0 helmet (worn)
Jewellery
 a - a ring of wizardry
 k - a ring of protection from cold
 n - a ring of resist corrosion (left hand)
 q - a ring of flight
 s - a +5 ring of evasion (right hand)
 v - an amulet of reflection (around neck)
 w - a ring of willpower
Wands
 g - a wand of flame (19)
Scrolls
 f - a scroll of revelation
 i - 4 scrolls of teleportation
 r - a scroll of blinking
Potions
 d - a potion of might
 h - a potion of resistance
 l - a potion of brilliance
 m - 2 potions of haste
 o - 2 potions of ambrosia
 p - 3 potions of invisibility
 x - a potion of magic
 z - a potion of mutation {unknown}
Miscellaneous
 b - a phantom mirror


   Skills:
 + Level 10.0 Fighting
 + Level 8.9 Maces & Flails
 + Level 10.0 Armour
 + Level 10.0 Shields


You had 10 spell levels left.
You didn't know any spells.
Your spell library contained the following spells:

 Spells                   Type           Power      Damage    Failure   Level
 Blink                    Tloc           0%         N/A       100%        2
 Lesser Beckoning         Tloc           0%         N/A       100%        2
 Momentum Strike          Conj/Tloc      0%         3d8       100%        2


Dungeon Overview and Level Annotations

Branches:
Dungeon (10/15)            Temple (1/1) D:6            Lair (0/5) D:10
    Orc (0/2) D:10          Sewer (visited)

Altars:
Ashenzari
Cheibriados
Dithmenos
Elyvilon
Fedhas
Gozag
Hepliaklqana
Kikubaaqudgha
Nemelex Xobeh
Okawaru
Qazlal
Ru
Sif Muna
Trog
Uskayaw
Vehumet
Wu Jian
Xom
Yredelemnul
Zin
The Shining One


Innate Abilities, Weirdness & Mutations

You are immune to sickness and miasma.
Your stone body is resilient. (AC +8)
You are immune to poison.
You resist negative energy. (rN+)
You are resistant to electric shocks. (rElec)
You are resistant to unholy torment.
You are immune to petrification.


Message History

The demonic crawler hits you but does no damage.
You block the demonic crawler's attack. The demonic crawler hits you.
The demonic crawler misses you. The demonic crawler closely misses you.
You closely miss the demonic crawler.
The demonic crawler is moderately wounded.
The demonic crawler hits you!
* * * LOW HITPOINT WARNING * * *
The demonic crawler hits you but does no damage.
The demonic crawler hits you!
* * * LOW HITPOINT WARNING * * *
You hit the demonic crawler.
The demonic crawler is lightly wounded.
The demonic crawler hits you but does no damage.
The demonic crawler completely misses you.
You block the demonic crawler's attack. x2
The demonic crawler closely misses you. The demonic crawler misses you.
You hit the demonic crawler.
The demonic crawler is lightly wounded.
The demonic crawler hits you but does no damage. x2
The demonic crawler closely misses you.
A red film seems to cover your vision as you go berserk!
You feel yourself moving faster!
You feel mighty! The demonic crawler closely misses you.
The demonic crawler hits you but does no damage.
You block the demonic crawler's attack.
You closely miss the demonic crawler. The demonic crawler closely misses you.
You block the demonic crawler's attack.
The demonic crawler hits you but does no damage.
You barely miss the demonic crawler.
The demonic crawler hits you but does no damage.
The demonic crawler closely misses you. You block the demonic crawler's attack.
You barely miss the demonic crawler.
You block the demonic crawler's attack. x2
The demonic crawler hits you but does no damage.
You barely miss the demonic crawler. The demonic crawler hits you!
* * * LOW HITPOINT WARNING * * *
The demonic crawler hits you but does no damage.
You block the demonic crawler's attack.
You barely miss the demonic crawler. The demonic crawler hits you!
You die...
Your body crumbles into a pile of gold.

##~≈###~~# #.# #
##~~## ##~~## #.# #
##~~~# #~~~## #.. #
#.~≈##~~ ##≈~.# #
#.~~#~$~~[#~~.# ##
#.~≈##~~[##≈~.# #.
#.~~~#w~~#~~~.# ###
#.
#..~~##~##~~..###..+
+.
##..~≈P~~≈~).$ws@.#
#.
#..~~~~~~$...#####
#. ##..~~~~~....# #.
##..........# #.
############ ##


You could see a demonic crawler and a swamp worm.

Vanquished Creatures
  A catoblepas (D:10)
  A centaur warrior (D:10)
  A fire crab (D:9)
  Pikel (D:7)
  A troll (D:9)
  2 hornets
  Grinder (D:6)
  A shadow (D:10)
  2 wraiths (D:10)
  A wyvern (D:7)
  An acid dragon (D:9)
  2 swamp worms (D:10)
  3 orc warriors
  An ice beast (D:6)
  2 black bears (D:7)
  A sky beast (D:4)
  An ogre (D:6)
  A wolf (D:8)
  4 centaurs
  A kobold brigand (D:4)
  A phantom (D:5)
  2 bullfrogs (Sewer)
  A gnoll sergeant (D:7)
  5 scorpions
  9 wights
  9 killer bees
  7 howler monkeys
  8 hounds
  3 orc priests
  6 gnoll boudas
  An iron imp (D:9)
  2 jellies
  2 sleepcaps (D:5)
  5 iguanas
  5 orc wizards
  32 gnolls
  11 adders
  A white imp (D:6)
  4 ufetubi (D:6)
  6 worms
  4 dart slugs
  14 orcs
  A bat zombie (D:3)
  6 endoplasms
  16 giant cockroaches
  5 goblins
  10 hobgoblins
  13 jackals (D:8)
  9 quokkas
  18 ball pythons
  4 bats
  11 frilled lizards
  7 kobolds
  5 rats
  2 rat zombies (D:3)
274 creatures vanquished.

Vanquished Creatures (others)
  An orc (D:10)
1 creature vanquished.

Grand Total: 275 creatures vanquished

Notes
Turn   | Place    | Note
-------+----------+-------------------------------------------
     0 | D:1      | Dittersdorf the Gargoyle Fighter began the quest for the
                  | Orb.
     0 | D:1      | Reached XP level 1. HP: 14/14 MP: 1/1
    96 | D:1      | Reached XP level 2. HP: 18/19 MP: 2/2
   359 | D:1      | Reached XP level 3. HP: 23/23 MP: 3/3
   963 | D:2      | Reached XP level 4. HP: 26/29 MP: 4/4
  1360 | D:3      | Found a glowing drain.
  1393 | Sewer    | Entered a sewer
  1574 | Sewer    | Reached XP level 5. HP: 33/33 MP: 5/5
  1771 | Sewer    | Reached XP level 6. HP: 15/39 MP: 6/6
  2534 | D:3      | Found an ancient bone altar of Kikubaaqudgha.
  2790 | D:4      | Reached skill level 5 in Shields
  2802 | D:4      | Reached skill level 5 in Fighting
  2854 | D:4      | Reached skill level 5 in Armour
  2855 | D:4      | Reached XP level 7. HP: 44/44 MP: 7/7
  3493 | D:4      | Found an ornate altar of the Wu Jian Council.
  3493 | D:4      | Found a shimmering altar of Xom.
  3694 | D:5      | Entered Level 5 of the Dungeon
  3712 | D:5      | Identified a scroll of acquirement
  3712 | D:5      | Acquired 514 gold pieces
  3840 | D:5      | Reached XP level 8. HP: 51/51 MP: 8/8
  4271 | D:5      | Reached skill level 5 in Maces & Flails
  4545 | D:6      | Found a broken altar of Ashenzari.
  4555 | D:6      | Found a blossoming altar of Fedhas.
  4556 | D:6      | Noticed Grinder
  4584 | D:6      | Paralysed by Grinder for 3 turns
  4587 | D:6      | Killed Grinder
  4700 | D:6      | Reached XP level 9. HP: 56/56 MP: 9/9
  4811 | D:6      | Found a glowing golden altar of the Shining One.
  5263 | D:6      | Found a staircase to the Ecumenical Temple.
  5274 | Temple   | Entered the Ecumenical Temple
  5285 | Temple   | Became a worshipper of Gozag Ym Sagoz the Greedy
  5488 | D:7      | Found a stormy altar of Qazlal.
  6255 | D:7      | Noticed a hornet
  6271 | D:7      | Killed a hornet
  6939 | D:8      | Reached XP level 10. HP: 44/64 MP: 10/10
  7529 | D:8      | Noticed Pikel
  7605 | D:7      | Killed Pikel
  8689 | D:9      | Found a snail-covered altar of Cheibriados.
  9294 | D:10     | Entered Level 10 of the Dungeon
  9314 | D:10     | Found a staircase to the Lair.
  9314 | D:10     | Noticed a fire crab
  9645 | D:9      | Killed a fire crab
 10008 | D:10     | Found a staircase to the Orcish Mines.
 10058 | D:10     | Reached XP level 11. HP: 47/71 MP: 11/11
 10224 | D:10     | Noticed a catoblepas
 10239 | D:10     | Killed a catoblepas
 10414 | D:10     | Noticed a centaur warrior
 10421 | D:10     | HP: 3/72 [centaur warrior/arrow (15)]
 10429 | D:10     | Killed a centaur warrior
 10430 | D:10     | Reached skill level 10 in Fighting
 10430 | D:10     | Reached skill level 10 in Armour
 10430 | D:10     | Reached skill level 10 in Shields
 10628 | D:10     | Noticed a demonic crawler
 10660 | D:10     | Slain by a demonic crawler

Illustrated notes

Levels and vault maps discovered:
D:1:      amcnicky_arrival_blooded_trapdoor, layout_basic,
          minmay_misc_feat_pillars, minmay_pentomino_r4
D:2:      layout_basic
D:3:      layout_loops_corners, lemuel_zombie_altar_kikubaaqudgha,
          mainiacjoe_sewer_entry_somewhere_in_here_1
D:4:      layout_cave_pools, gammafunk_temple_overflow_pools
D:5:      layout_basic
D:6:      layout_loops_cross, fedhas_altar_1, general_overflow_altar,
          kennysheep_mini, temple_hall, uniq_grinder
D:7:      minmay_general_purpose_star, layout_loops_corners,
          mainiacjoe_overflow_small_starburst, nicolae_fountain_basement
D:8:      layout_cave_pools, serial_gnoll_camp, gnoll_camp_medium_02,
          gnoll_camp_mini_doghouse, gnoll_camp_mini_doghouse,
          gnoll_camp_mini_basic, uniq_pikel
D:9:      layout_gridville, chei_slow_surprise, minivault_24
D:10:     layout_roguey, lightli_temple_of_fire, minmay_lair_entry_lava,
          orc_0_dummy, nicolae_trove_entry_diagonal, dk_noncrumbling_2,
          worms_lemuel
Temple:   cyrus_circular_temple

Skill      XL: |  1  2  3  4  5  6  7  8  9 10 11 |
---------------+----------------------------------+-----
Shields        | 4 5 7 8 9 10 | 10.0
Fighting       | 4 5 6 8 9 10 | 10.0
Armour         | 4 5 6 8 9 10 | 10.0
Maces & Flails | 3 4 5 7 8 |  8.9

Action                     |  1- 3 |  4- 6 |  7- 9 | 10-12 || total
---------------------------+-------+-------+-------+-------++-------
  Melee: Flail             |   148 |   199 |   291 |       ||   638
         Morningstar       |       |       |   191 |   397 ||   588
  Throw: Dart              |       |     2 |    10 |     8 ||    20
  Evoke: Wand              |       |       |     8 |     2 ||    10
    Use: Scroll            |       |    11 |     9 |     4 ||    24
         Potion            |       |       |       |     4 ||     4
   Stab: Distracted        |       |       |       |     2 ||     2
 Armour: Scale mail        |   143 |   128 |       |       ||   271
         Chain mail        |       |    23 |   310 |   275 ||   608
         Plate armour      |       |       |       |    74 ||    74
  Dodge: Dodged            |    94 |   100 |   279 |   365 ||   838
  Block: Buckler           |    40 |    66 |   303 |   391 ||   800
         Reflection        |       |       |     7 |    15 ||    22

Table legend: (Time is in decaauts)
 A = Elapsed time spent in this place.
 B = Non-inter-level travel time spent in this place.
 C = Inter-level travel time spent in this place.
 D = Time resting spent in this place.
 E = Time spent auto-exploring this place.
 F = Levels seen in this place.
 G = Mean time per level.
                   A        B        C        D        E       F      G
               +--------+--------+--------+--------+--------+-----+--------+
         Total |  10997 |  10599 |    398 |   1410 |   6302 |  12 |  916.4 |
       Dungeon |  10384 |   9986 |    398 |   1194 |   6302 |  10 | 1038.4 |
        Temple |     22 |     22 |      0 |      0 |      0 |   1 |   22.0 |
         Sewer |    590 |    590 |      0 |    216 |      0 |   1 |  590.0 |
               +--------+--------+--------+--------+--------+-----+--------+

Top non-repeatable levels by time:
     D:8: 1607 daAuts
     D:7: 1462 daAuts
     D:9: 1443 daAuts
     D:3: 1020 daAuts
     D:4: 919 daAuts
    D:10: 917 daAuts
     D:5: 851 daAuts
     D:6: 813 daAuts
     D:1: 702 daAuts
     D:2: 644 daAuts
   Sewer: 590 daAuts
  Temple: 22 daAuts
